 Dungeon Crawl Stone Soup version 0.22-a0-353-g2d6336e (webtiles) character file.

127 budo the Poker (level 5, -4/61 HPs)
             Began as a Human Berserker on Apr 15, 2018.
             Was a Priest of Trog.
             Slain by an orc wizard
             ... wielding a +1 dagger of electrocution
              (13 damage)
             ... on level 3 of the Dungeon.
             The game lasted 00:11:20 (3941 turns).

budo the Poker (Human Berserker)                    Turns: 3941, Time: 00:11:21

Health: -4/61      AC: 22    Str: 18      XL:     5   Next: 33%
Magic:  5/5        EV:  2    Int:  7 (8)  God:    Trog [***...]
Gold:   107        SH:  0    Dex: 12      Spells: 4/4 levels left

rFire    . . .     SeeInvis .   a - +0 spear
rCold    + . .     Gourm    .   (no shield)
rNeg     + + +     Faith    .   (armour currently unavailable)
rPois    +         Spirit   .   (helmet currently unavailable)
rElec    .         Reflect  .   (cloak currently unavailable)
rCorr    .         Harm     .   (gloves currently unavailable)
MR       .....     NoTele   +   (boots currently unavailable)
Stlth    +.........             (no amulet)
HPRegen  0.20/turn              g - ring of positive energy
MPRegen  0.09/turn              p - ring of protection from cold

@: tree-form, hasted, very quick
A: no striking features
a: Berserk, Trog's Hand, Renounce Religion


You were on level 3 of the Dungeon.
You worshipped Trog.
Trog was most pleased with you.
You were not hungry.
You were a tree.
You visited 1 branch of the dungeon, and saw 4 of its levels.

You collected 107 gold pieces.

Inventory:

Hand Weapons
 a - a +0 spear (weapon)
Missiles
 i - 53 stones (quivered)
Armour
 b - a +0 animal skin
 f - a +0 ring mail (melded)
 r - a +1 scale mail
Jewellery
 g - a ring of positive energy (left branch)
 p - a ring of protection from cold (right branch)
Scrolls
 d - a scroll of remove curse
 n - 2 scrolls of fog
Potions
 e - 2 potions of brilliance
 h - a potion of mutation
 j - a potion of lignification
Comestibles
 c - 11 rations
 s - 2 chunks of flesh


   Skills:
 - Level 3.3 Fighting
 * Level 4.0 Polearms
 + Level 1.6 Throwing
 * Level 3.0 Armour
 + Level 2.6 Dodging


You had 4 spell levels left.
You didn't know any spells.

Dungeon Overview and Level Annotations

Branches:
Dungeon (4/15)
 Temple: D:4-7

Altars:
Nemelex Xobeh

Shops:
D:4 :


Message History

The puff of frost hits you! You resist.
As you read the scroll labeled XUREGA BIFO, it crumbles to dust.
The scroll dissolves into smoke.
It was a scroll of fog.
Something hits you but does no damage.
You barely miss something. You closely miss something.
Something hits you but does no damage.
You hit something but do no damage.
You hear some strange, mumbled words.
A puff of frost appears from out of thin air!
Helpless, you fail to dodge the puff of frost.
You miss something. Something hits you but does no damage.
You closely miss something. Something hits you but does no damage.
You closely miss something. Something hits you but does no damage.
You hit something. Something hits you but does no damage.
You barely miss something. Something completely misses you.
You closely miss something. Something hits you.
* * * LOW HITPOINT WARNING * * *
You closely miss something. Something hits you but does no damage.
You are electrocuted!
You die...

.### #.# #.# .#.. ..#
#.# .#.# #.# .#.# #.#
##.#############o####
##............##....##
....###..####.#####).#
###.# ##.##.###§####o#
#.# #...#.#_#♣#...#
#.# ######.###{####
###.# ####### #...#
#####.##.# ⌠.⌠.#
#........#
._..#####.###.####
⌠.⌠...........#
#...#####.##### #####
###


There were no monsters in sight!

Vanquished Creatures
  5 adders (D:2)
  2 worms (D:2)
  2 dart slugs (D:1)
  6 orcs
  6 bats
  2 giant cockroaches (D:2)
  8 goblins
  5 hobgoblins
  6 jackals
  2 quokkas
  6 frilled lizards
  8 kobolds
  9 rats
67 creatures vanquished.

Notes
Turn   | Place    | Note
-------+----------+-------------------------------------------
     0 | D:1      | budo the Human Berserker began the quest for the Orb.
     0 | D:1      | Reached XP level 1. HP: 18/18 MP: 1/1
   400 | D:1      | Reached XP level 2. HP: 24/24 MP: 2/2
  1029 | D:1      | Reached XP level 3. HP: 29/29 MP: 3/3
  1051 | D:1      | Reached ** piety under Trog
  2023 | D:2      | Reached XP level 4. HP: 18/35 MP: 4/4
  2464 | D:2      | Reached skill level 1 in Throwing
  3333 | D:2      | Reached XP level 5. HP: 37/41 MP: 5/5
  3456 | D:3      | Found a sparkling altar of Nemelex Xobeh.
  3555 | D:4      | Found Buc Kei's Book Shop.
  3630 | D:3      | Reached skill level 4 in Polearms
  3789 | D:3      | Reached *** piety under Trog
  3833 | D:3      | Found a faded altar of an unknown god.
  3922 | D:3      | HP: 3/61 [orc wizard/dagger of electrocution (18)]
  3941 | D:3      | Slain by an orc wizard

Vault maps used:
D:1:      dpeg_arrival_pits, glass_columns_b, grunt_decor_mini_mirrors
D:2:      minmay_crystal_water, minmay_tromino_v2
D:3:      nemelex_xobeh_ov_fountains_minmay, chequers_ecumenical_altar_twisty
D:4:      serial_shops, nicolae_shop_stone

Skill      XL: |  1  2  3  4  5 |
---------------+----------------+-----
Throwing       | 1 |  1.6
Armour         | 3 |  3.0
Polearms       | 4 |  4.0
Fighting       | |  3.3
Dodging        | |  2.6

Action                   |  1- 3 |  4- 6 || total
-------------------------+-------+-------++-------
Melee: Spear             |   139 |   202 ||   341
Throw: Stone             |    20 |    16 ||    36
  Use: Scroll            |     3 |     6 ||     9
       Potion            |     1 |     3 ||     4
 Stab: Sleeping          |     2 |       ||     2
  Eat: Chunk             |     3 |     7 ||    10
Armor: Animal skin       |    15 |       ||    15
       Ring mail         |     8 |    39 ||    47
       Skin              |       |    17 ||    17
Dodge: Dodged            |    66 |    82 ||   148

Table legend:
 A = Spawn XP
 B = Non-spawn XP
 C = Spawn XP percentage of total XP
 D = Spawn monster count
 E = Non-spawn monster count
 F = Spawn count percentage of total count
 G = Total turns spent on level
                    A         B        C        D         E        F      G
               +---------+---------+-------+---------+---------+-------+---------
         Total |       0 |     182 |   0.0 |       0 |      67 |   0.0 |  3941
               +---------+---------+-------+---------+---------+-------+---------
           D:1 |       0 |      41 |   0.0 |       0 |      22 |   0.0 |  1683
           D:2 |       0 |     111 |   0.0 |       0 |      28 |   0.0 |  1636
           D:3 |       0 |      30 |   0.0 |       0 |      17 |   0.0 |   620
               +---------+---------+-------+---------+---------+-------+---------
